 Dungeon Crawl Stone Soup version 0.22.1-2-g9c5b331383 (webtiles) character file.

72126 Gargoyl the Envoy of Void (level 15, -8/126 HPs)
             Began as a Centaur Abyssal Knight on Jan 2, 2019.
             Was a High Priest of Lugonu.
             Killed from afar by Roxanne (65 damage)
             ... with a crystal spear
             ... on level 14 of the Dungeon.
             The game lasted 00:47:39 (27160 turns).

Gargoyl the Envoy of Void (Centaur Abyssal Knight) Turns: 27160, Time: 00:47:39

Health: -8/126     AC: 24    Str: 24    XL:     15   Next: 0%
Magic:  24/24      EV:  3    Int: 11    God:    Lugonu [*****.]
Gold:   1607       SH: 16    Dex: 14    Spells: 14/14 levels left

rFire    . . .     SeeInvis +   R - +3 war axe (venom)
rCold    + . .     Gourm    .   j - +0 large shield of Mumblety Peg {rC+ rN+} (curse)
rNeg     + . .     Faith    .   C - +1 plate armour of Valiance {rElec Dex-2 Slay+3 SInv}
rPois    +         Spirit   .   I - +1 helmet
rElec    +         Reflect  .   i - +0 cloak {rPois}
rCorr    .         Harm     .   t - +2 pair of gloves
MR       ++...                  (no barding)
Stlth    ..........             y - amulet of regeneration
HPRegen  0.71/turn              h - +6 ring of dexterity
MPRegen  0.19/turn              n - +4 ring of strength

@: very quick
A: large, hooves 3, icy blue scales 1, blurry vision 1, deformed body, speed 2,
magic resistance 1, tough skin 3
a: Depart the Abyss, Bend Space, Banish, Corrupt, Enter the Abyss, Renounce
Religion


You were on level 14 of the Dungeon.
You worshipped Lugonu.
Lugonu was extremely pleased with you.
You were not hungry.

You visited 2 branches of the dungeon, and saw 20 of its levels.
You visited the Abyss 1 time.

You collected 1607 gold pieces.

Inventory:

Hand Weapons
 a - a +6 hand axe
 P - a +0 broad axe of draining
 R - a +3 war axe of venom (weapon)
Missiles
 s - 7 javelins (quivered)
 H - 5 poisoned tomahawks
Armour
 i - a +0 cloak of poison resistance (worn)
 j - the cursed +0 large shield of Mumblety Peg (worn) {rC+ rN+}
   (You found it on level 2 of the Lair of Beasts)

   It protects you from cold.
   It protects you from negative energy.
   It has a curse placed upon it.
 t - a +2 pair of gloves (worn)
 C - the +1 plate armour of Valiance (worn) {rElec Dex-2 Slay+3 SInv}
   (You found it on level 6 of the Dungeon)

   It affects your dexterity (-2).
   It affects your accuracy and damage with ranged weapons and melee attacks
   (+3).
   It insulates you from electricity.
   It lets you see invisible.
 I - a +1 helmet (worn)
 J - a scarf of repulsion
Jewellery
 h - a +6 ring of dexterity (left hand)
 n - a +4 ring of strength (right hand)
 y - an amulet of regeneration (around neck)
 K - an uncursed ring of see invisible
 M - an uncursed ring of protection from cold {unknown}
 O - an uncursed ring of protection from fire
Wands
 b - a wand of enslavement (23)
 v - a wand of paralysis (42)
 x - a wand of polymorph (41)
 B - a wand of flame (39)
 E - a wand of digging (8)
 F - a wand of acid (7)
 L - a wand of scattershot (5)
 Q - a wand of iceblast (7)
Scrolls
 d - 9 scrolls of teleportation
 e - 11 scrolls of remove curse
 f - 4 scrolls of identify
 g - 2 scrolls of amnesia
 u - 8 scrolls of fear
 A - 2 scrolls of summoning
 N - a scroll of fog
Potions
 k - 4 potions of agility
 l - 4 potions of haste
 m - 2 potions of magic
 p - 3 potions of berserk rage
 q - 2 potions of ambrosia
 r - 4 potions of cancellation
 w - 5 potions of curing
 z - 8 potions of flight
 D - a potion of might
 G - a potion of brilliance
 S - a potion of heal wounds
Miscellaneous
 o - a box of beasts
Comestibles
 c - 32 rations


   Skills:
 + Level 10.2 Fighting
 + Level 12.6 Axes
   Level 1.1(8.3) Polearms
 + Level 1.9 Throwing
 * Level 12.2 Armour
 + Level 1.8 Dodging
 + Level 5.4 Shields
 * Level 12.7 Invocations


You had 14 spell levels left.
You didn't know any spells.
Your spell library contained the following spells:

 Spells                   Type           Power        Failure   Level  Hunger
 Animate Skeleton         Necr           N/A          100%        1    ##.....
 Confusing Touch          Hex            #.....       100%        1    ##.....
 Magic Dart               Conj           #...         100%        1    ##.....
 Pain                     Necr           #...         100%        1    ##.....
 Blink                    Tloc           N/A          100%        2    ###....
 Call Imp                 Summ           #.......     100%        2    ###....
 Searing Ray              Conj           #.....       100%        2    ###....
 Slow                     Hex            #.......     100%        2    ###....
 Confuse                  Hex            #.......     100%        3    ####...
 Conjure Flame            Conj/Fire      #.......     100%        3    ####...
 Dazzling Spray           Conj/Hex       #.....       100%        3    ####...
 Gell's Gravitas          Tloc           #.........   100%        3    ####...
 Mephitic Cloud           Conj/Pois/Air  #.......     100%        3    ####...
 Regeneration             Chrm/Necr      #.........   100%        3    ####...
 Vampiric Draining        Necr           #.........   100%        3    ####...
 Animate Dead             Necr           N/A          100%        4    #####..
 Cause Fear               Hex            #.........   100%        4    #####..
 Force Lance              Conj/Tloc      #.......     100%        4    #####..
 Fulminant Prism          Conj/Hex       #.........   100%        4    #####..
 Iskenderun's Mystic Bla  Conj           #.......     100%        4    #####..
 Petrify                  Tmut/Erth      #.......     100%        4    #####..
 Summon Lightning Spire   Summ/Air       #.......     100%        4    #####..
 Metabolic Englaciation   Hex/Ice        #.........   100%        5    ######.
 Silence                  Hex/Air        #.........   100%        5    ######.
 Yara's Violent Unravell  Hex/Tmut       #.........   100%        5    ######.
 Conjure Ball Lightning   Conj/Air       #.........   100%        6    #######
 Deflect Missiles         Chrm/Air       #.........   100%        6    #######
 Discord                  Hex            #.........   100%        8    #######
 Tornado                  Air            #.........   100%        9    #######


Dungeon Overview and Level Annotations

Branches:
Dungeon (14/15)            Temple (0/1) D:5            Lair (6/6) D:11
 Shoals (0/4) Lair:2        Snake (0/4) Lair:4        Slime (0/5) Lair:6
    Orc (0/2) D:11         Vaults (0/5) D:14

Altars:
Elyvilon
Fedhas
Gozag
Makhleb
Okawaru
Trog
Wu Jian
Yredelemnul
The Shining One
Jiyva

Annotations:
D:14 exclusion: Roxanne, Roxanne
Abyss:1 Sonja, Urug


Innate Abilities, Weirdness & Mutations

You have hooves in place of feet.
Armour fits poorly on your strangely shaped body.
You cover ground very quickly.
You have extremely tough skin. (AC +3)
You are partially covered in icy blue scales. (AC +2)
Scrolls take you a little longer to read.
You are resistant to hostile enchantments. (MR+)


Message History

You hit Roxanne. You kick Roxanne, but do no damage.
Roxanne is heavily damaged.
You hit Roxanne but do no damage. You kick Roxanne, but do no damage.
Roxanne is heavily damaged.
Roxanne casts a spell.
You block the iron shot.
You hit Roxanne but do no damage. You kick Roxanne, but do no damage.
Roxanne is heavily damaged.
You hit Roxanne.
Roxanne is heavily damaged.
You hit Roxanne but do no damage.
Roxanne is heavily damaged.
Roxanne mumbles some strange words.
The orb of energy hits you!
The orb of energy explodes!
You slash Roxanne! You kick Roxanne.
Roxanne is severely damaged.
Roxanne casts a spell.
The crystal spear hits you!
Ouch! That really hurt!
You die...

#.....................###*
#.........†.............#
........".............#,
......................#
......................#
....................#.#
##.#.##.##.......##.#.#
..#. #...............# #
#@.........######
,#.##.8.:......#
,#.............#
#####...###.#.# * ###.#
...# #.# ### ** #.# ..# *
* ###


You could see Roxanne.

Vanquished Creatures
  A dire elephant (Lair:5)
  Josephine (Lair:5)
  Fannar (D:12)
  Harold (D:9)
  A rakshasa (D:13)
  8 vault guards (D:14)
  2 catoblepae
  3 two-headed ogres
  A death knight (D:12)
  A centaur warrior (D:13)
  6 death yaks
  A queen ant (Lair:3)
  A skeletal warrior (D:12)
  An unseen horror (D:13)
  Pikel (D:6)
  A lindwurm (Lair:6)
  2 deep elf magi (D:13)
  3 manticores
  2 ugly things (D:13)
  An oklob plant (Lair:5)
  An ice statue (Lair:2)
  Joseph (D:8)
  16 elephants
  Maurice (D:8)
  5 black mambas
  4 centaur skeletons
  A gargoyle (D:11)
  11 spiny frogs
  4 komodo dragons
  2 ice devils (Lair:2)
  9 rime drakes
  2 freezing wraiths (D:12)
  A troll (D:13)
  4 polar bears
  A hornet (D:13)
  2 dream sheep (Lair:6)
  2 blink frogs (Lair:6)
  17 hippogriffs
  3 slime creatures (D:13)
  A shadow (D:12)
  12 wyverns
  4 basilisks
  21 yaks
  5 wraiths
  4 vampire mosquitoes (D:14)
  A hungry ghost (D:7)
  A warg (Lair:1)
  A naga (Lair:4)
  Menkaure (D:4)
  9 soldier ants (Lair:4)
  17 water moccasins
  8 porcupines
  12 ice beasts
  4 orc warriors
  A slave (D:6)
  A hornet zombie (D:14)
  4 phantoms
  5 black bears
  3 sky beasts
  10 ogres
  A necrophage (D:13)
  3 centaurs
  10 crocodiles
  15 wolves
  3 big kobolds
  13 bullfrogs
  4 scorpions
  13 killer bees
  5 wights (D:8)
  A centaur zombie (D:10)
  8 crimson imps
  A bullfrog zombie (D:5)
  A quasit (D:9)
  9 hounds
  6 jellies
  15 orc wizards
  7 orc priests
  Crazy Yiuf (D:2)
  5 iguanas
  33 worker ants
  2 hell rats (Lair:5)
  A bullfrog simulacrum (D:12)
  A hound zombie (D:8)
  3 hound skeletons
  12 gnolls
  7 river rats (Lair:5)
  12 adders
  5 shadow imps
  2 white imps
  An ooze (D:5)
  2 adder skeletons
  An adder zombie (D:8)
  5 worms
  2 dart slugs
  7 leopard geckos
  55 orcs
  4 giant cockroaches
  3 goblins
  4 hobgoblins
  6 jackals
  5 quokkas
  11 bats
  5 frilled lizards
  18 kobolds
  A leopard gecko skeleton (D:8)
  A quokka skeleton (D:5)
  9 rats
  7 fungi
  A plant (Lair:6)
598 creatures vanquished.

Vanquished Creatures (others)
  An entropy weaver (Lair:4)
  An ice dragon (Lair:2)
  4 hydras
  A two-headed ogre (D:8)
  The ghost of bananovenc the Cleaver, a journeyman GrFi of Okawaru (D:11)
  A death yak (Lair:6)
  2 gargoyles (D:14)
  A vampire (D:10)
  2 slaves (D:6)
  A bullfrog (D:6)
  3 orcs (D:4)
  A giant cockroach (D:4)
  A quokka skeleton (D:4)
  A bush (Lair:1)
  21 fungi
  7 plants
49 creatures vanquished.

Grand Total: 647 creatures vanquished

Notes
Turn   | Place    | Note
-------+----------+-------------------------------------------
     0 | Abyss:1  | Gargoyl the Centaur Abyssal Knight began the quest for the
                  | Orb.
     0 | Abyss:1  | Reached XP level 1. HP: 19/19 MP: 2/2
    22 | Abyss:1  | Found a stormy altar of Qazlal.
    23 | Abyss:1  | Noticed a hell hog
    49 | Abyss:1  | Noticed a quasit
    69 | Abyss:2  | Noticed a thrashing horror
    74 | Abyss:2  | Noticed a thrashing horror
    76 | D:1      | Escaped the Abyss
   155 | D:1      | Reached XP level 2. HP: 6/26 MP: 3/3
   500 | D:1      | Reached * piety under Lugonu
  1057 | D:2      | Reached XP level 3. HP: 31/31 MP: 4/4
  1610 | D:2      | Found a burning altar of Makhleb.
  1610 | D:2      | Found a basalt altar of Yredelemnul.
  1726 | D:2      | Reached XP level 4. HP: 31/38 MP: 6/6
  2495 | D:2      | Found a blossoming altar of Fedhas.
  2631 | D:2      | Found a runed door.
  2635 | D:2      | Noticed Crazy Yiuf
  2640 | D:2      | Killed Crazy Yiuf
  2640 | D:2      | Reached ** piety under Lugonu
  2640 | D:2      | Reached XP level 5. HP: 34/45 MP: 7/7
  2974 | D:3      | Found a glowing golden altar of the Shining One.
  3335 | D:3      | Found a white marble altar of Elyvilon.
  3724 | D:3      | Reached XP level 6. HP: 44/52 MP: 8/8
  3962 | D:4      | Noticed Menkaure
  3970 | D:4      | Killed Menkaure
  3970 | D:4      | Reached skill level 1 in Dodging
  4318 | D:4      | Reached XP level 7. HP: 58/59 MP: 8/10
  5023 | D:5      | Entered Level 5 of the Dungeon
  5086 | D:5      | Found an ornate altar of the Wu Jian Council.
  5414 | D:5      | Got a pair of brightly glowing gloves
  5425 | D:5      | Identified the +0 pair of gloves "Ommiam" {rPois MR- rCorr
                  | Int+3} (You found it on level 5 of the Dungeon)
  5699 | D:5      | Reached *** piety under Lugonu
  5699 | D:5      | Reached skill level 5 in Axes
  5854 | D:5      | Found a staircase to the Ecumenical Temple.
  5944 | D:5      | Reached XP level 8. HP: 25/67 MP: 11/11
  6734 | D:6      | Got a translucent plate armour
  6750 | D:6      | Noticed Pikel
  6938 | D:5      | Identified the +1 plate armour of Valiance {rElec Dex-2
                  | Slay+3 SInv} (You found it on level 6 of the Dungeon)
  6975 | D:6      | Reached skill level 5 in Invocations
  7230 | D:6      | Killed Pikel
  7230 | D:6      | Reached skill level 1 in Throwing
  7230 | D:6      | Reached skill level 5 in Armour
  7622 | D:6      | Reached skill level 5 in Fighting
  7622 | D:6      | Reached XP level 9. HP: 66/74 MP: 13/13
  7627 | D:6      | Found a bloodstained altar of Trog.
  8776 | D:7      | Reached skill level 1 in Polearms
  9249 | D:8      | Reached **** piety under Lugonu
  9350 | D:8      | Noticed Maurice
  9367 | D:8      | Killed Maurice
  9476 | D:8      | Reached XP level 10. HP: 72/83 MP: 15/15
  9687 | D:8      | Noticed a two-headed ogre
  9719 | D:8      | Banished a two-headed ogre
  9827 | D:8      | Found an iron altar of Okawaru.
  9894 | D:8      | Noticed Joseph
  9911 | D:8      | Killed Joseph
 10624 | D:9      | Noticed Harold
 10663 | D:9      | Killed Harold
 11101 | D:10     | Entered Level 10 of the Dungeon
 11112 | D:10     | Noticed Sonja
 11118 | D:9      | Banished Sonja
 11118 | D:9      | Reached XP level 11. HP: 34/91 MP: 12/17
 11757 | D:10     | Noticed a two-headed ogre
 11803 | D:10     | Killed a two-headed ogre
 12290 | D:11     | Reached ***** piety under Lugonu
 12452 | D:11     | Found a staircase to the Lair.
 12515 | D:11     | Found a staircase to the Orcish Mines.
 12748 | Lair:1   | Entered Level 1 of the Lair of Beasts
 14075 | Lair:2   | Noticed an ice dragon
 14222 | Lair:2   | Banished an ice dragon
 14222 | Lair:2   | Reached skill level 10 in Axes
 14361 | Lair:2   | Reached XP level 12. HP: 64/101 MP: 18/18
 14559 | Lair:2   | Got a crude large shield
 14675 | Lair:1   | Identified the cursed +0 large shield of Mumblety Peg {rC+
                  | rN+} (You found it on level 2 of the Lair of Beasts)
 15212 | Lair:2   | Found a staircase to the Shoals.
 15598 | Lair:2   | Reached skill level 1 in Shields
 15842 | Lair:3   | Noticed a seven-headed hydra
 15847 | Lair:3   | Banished a seven-headed hydra
 16355 | Lair:3   | Reached skill level 10 in Armour
 16688 | Lair:4   | Noticed a queen ant
 16848 | Lair:3   | Killed a queen ant
 17100 | Lair:4   | Noticed an entropy weaver
 17100 | Lair:4   | Noticed an entropy weaver
 17243 | Lair:3   | Banished an entropy weaver
 17243 | Lair:3   | Reached skill level 10 in Invocations
 17370 | Lair:4   | Banished an entropy weaver
 17855 | Lair:4   | Found a staircase to the Snake Pit.
 17920 | Lair:4   | Reached XP level 13. HP: 98/108 MP: 20/20
 17933 | Lair:4   | Noticed Urug
 18338 | Lair:4   | Banished Urug
 18355 | Lair:4   | HP: 5/110 [poisoned by Urug]
 19672 | Lair:5   | Noticed Josephine
 19746 | Lair:5   | Killed Josephine
 19787 | Lair:6   | Entered Level 6 of the Lair of Beasts
 20625 | Lair:5   | Gained mutation: Your spells are a little harder to cast,
                  | but a little more powerful. [potion of mutation]
 20625 | Lair:5   | Gained mutation: You are occasionally teleported next to
                  | monsters. [potion of mutation]
 20625 | Lair:5   | Gained mutation: You are resistant to hostile enchantments.
                  | (MR+) [potion of mutation]
 20625 | Lair:5   | Gained mutation: You passively map a small area around you.
                  | [potion of mutation]
 21260 | Lair:6   | Noticed a dire elephant
 21566 | Lair:6   | Found an opulent altar of Gozag.
 21714 | Lair:6   | Found a viscous altar of Jiyva.
 21714 | Lair:6   | Found a staircase to the Slime Pits.
 21832 | Lair:6   | Reached XP level 14. HP: 118/118 MP: 22/22
 23820 | D:11     | Found a transporter.
 23820 | D:11     | Noticed bananovenc's ghost (journeyman GrFi)
 23825 | D:11     | Found a transporter.
 23855 | D:11     | Banished bananovenc's ghost
 24359 | D:12     | Noticed Fannar
 24376 | D:12     | Killed Fannar
 25254 | D:13     | Reached skill level 5 in Shields
 25857 | D:13     | Reached skill level 10 in Fighting
 26408 | D:14     | Noticed Roxanne
 27014 | D:14     | Found a gate to the Vaults.
 27093 | D:14     | Reached XP level 15. HP: 121/126 MP: 24/24
 27121 | D:14     | Lost mutation: Your spells are a little harder to cast, but
                  | a little more powerful. [potion of mutation]
 27121 | D:14     | Lost mutation: You passively map a small area around you.
                  | [potion of mutation]
 27121 | D:14     | Lost mutation: You are occasionally teleported next to
                  | monsters. [potion of mutation]
 27121 | D:14     | Gained mutation: Scrolls take you a little longer to read.
                  | [potion of mutation]
 27121 | D:14     | Gained mutation: You are partially covered in icy blue
                  | scales. (AC +2) [potion of mutation]
 27160 | D:14     | Killed from afar by Roxanne

Skill      XL: |  1  2  3  4  5  6  7  8  9 10 11 12 13 14 |
---------------+-------------------------------------------+-----
Axes           | 2 3 4 5 6 7 9 10 11 12 | 12.6
Armour         | 2 3 4 5 6 7 9 10 11 12 | 12.2
Invocations    | 3 4 5 6 8 9 10 11 12 | 12.7
Dodging        | 1 |  1.8
Fighting       | 4 5 6 7 8 9 10 | 10.2
Throwing       | 1 |  1.9
Polearms       | 1 |  1.1
Shields        | 2 4 5 |  5.4

Action                   |  1- 3 |  4- 6 |  7- 9 | 10-12 | 13-15 || total
-------------------------+-------+-------+-------+-------+-------++-------
Melee: Hand axe          |   100 |   166 |   270 |   946 |   952 ||  2434
       Kick              |    18 |    49 |   102 |   338 |   494 ||  1001
       Glaive            |       |       |    75 |       |       ||    75
       Broad axe         |       |       |       |       |    17 ||    17
       War axe           |       |       |       |       |    42 ||    42
Throw: Javelin           |       |       |     6 |    10 |     2 ||    18
       Tomahawk          |       |       |       |     3 |       ||     3
Invok: Depart the Abyss  |     1 |       |       |       |       ||     1
       Banish            |       |       |       |     9 |    16 ||    25
       Bend Space        |       |       |       |     2 |       ||     2
  Use: Scroll            |       |     8 |     8 |     6 |    11 ||    33
       Potion            |       |     4 |       |     8 |     5 ||    17
  Eat: Chunk             |     2 |     4 |     8 |    19 |    15 ||    48
       Ration            |       |     1 |     8 |     2 |     5 ||    16
Armor: Chain mail        |   100 |   168 |    75 |       |       ||   343
       Plate armour      |       |       |   180 |   780 |   558 ||  1518
Dodge: Dodged            |    29 |    44 |    77 |   131 |    51 ||   332
       Deflected         |       |       |       |     1 |       ||     1
Block: Large shield      |       |       |       |   270 |   713 ||   983
